 Dungeon Crawl Stone Soup version 0.17-a0-1719-g1afd5a1 (console) character file.

236 Illiel the Shooter (level 5, 0/36 HPs)
             Began as a High Elf Hunter on Aug 27, 2015.
             Slain by a rat (1 damage)
             ... in a sewer.
             The game lasted 00:09:23 (1450 turns).

Illiel the Shooter (High Elf Hunter)                Turns: 1450, Time: 00:09:23

Health: 0/36       AC:  5    Str: 16    XL:     5   Next: 77%
Magic:  6/6        EV: 13    Int: 15    God:
Gold:   113        SH:  0    Dex: 16    Spells: 0 memorised, 4 levels left

rFire  . . .     SeeInvis .     b - +0 falchion
rCold  . . .     Clarity  .     d - +0 leather armour
rNeg   . . .     SustAt   .     (no shield)
rPois  .         Gourm    .     (no helmet)
rElec  .         Spirit   .     q - +1 cloak
rCorr  .         Warding  .     (no gloves)
rMut   .         Stasis   .     (no boots)
MR     .....                    (no amulet)
Stlth  +.........               (no ring)
                                (no ring)

@: mighty, not resistant to hostile enchantments, very unstealthy
A: no striking features
a: no special abilities


You were in a sewer.
You were not hungry.

You visited 1 branch of the dungeon, and saw 3 of its levels.
You also visited: Sewer.

You collected 113 gold pieces.

Inventory:

Hand weapons
 a - a +1 shortbow
 b - a +0 falchion (weapon)
Missiles
 j - an arrow
 n - 6 curare-tipped needles
Armour
 d - a +0 leather armour (worn)
 q - a +1 cloak (worn)
Jewellery
 k - an uncursed ring of ice
Scrolls
 h - a scroll of random uselessness
 i - a scroll of identify
 m - a scroll of remove curse
 r - a scroll of teleportation {unknown}
Potions
 f - 2 potions of mutation
 g - a potion of might
 l - a potion of cancellation
Comestibles
 c - 2 fruits
 e - 3 bread rations


   Skills:
 + Level 3.1 Fighting
 * Level 2.9 Long Blades
 * Level 6.7 Bows
 + Level 3.2 Dodging
 + Level 2.8 Stealth


You had 4 spell levels left.
You didn't know any spells.

Dungeon Overview and Level Annotations

Branches:
Dungeon (3/15)

Altars:


Message History

The rat barely misses you. The rat bites you but does no damage.
You hit the river rat but do no damage.
The river rat is almost dead.
The river rat bites you.
* * * LOW HITPOINT WARNING * * *
The river rat closely misses you. The rat bites you.
* * * LOW HITPOINT WARNING * * *
The rat closely misses you. The rat bites you but does no damage.
The river rat bites you but does no damage.
Drink which item? (? for menu, Esc to quit)
You feel better. The river rat bites you.
* * * LOW HITPOINT WARNING * * *
The rat bites you but does no damage.
The rat splashes around in the water.
The rat closely misses you. The river rat barely misses you.
Drink which item? (? for menu, Esc to quit)
You feel very mighty all of a sudden. The river rat bites you!
* * * LOW HITPOINT WARNING * * *
The rat bites you.
You die...

▒∙∙∙∙∙∙▒▒▒▒▒▒∙∙∙∙∙∙▒▒
∙∙∙∙∙∙▒▒ ▒▒∙∙∙∙∙∙▒
≈≈≈≈≈≈▒ ▒≈≈≈≈≈≈▒
≈≈≈≈≈≈▒ ▒≈≈≈≈≈≈▒
≈≈≈%≈≈▒ ▒≈≈≈≈≈≈▒
≈≈≈≈≈≈▒ ▒≈≈≈≈≈≈▒
≈≈≈%≈≈▒ ▒≈≈≈≈≈≈▒
≈≈≈%≈≈▒ ▒≈≈≈≈≈≈▒
≈≈≈≈≈≈▒ ▒≈≈≈≈≈≈▒
≈≈≈≈≈≈▒ ▒≈≈≈≈≈≈▒
≈≈≈≈≈≈▒ ▒≈≈≈≈≈≈▒
≈≈≈≈≈≈▒ ▒≈≈≈≈≈≈▒
≈≈≈≈≈≈▒ ▒≈≈≈≈≈≈▒
≈≈≈%≈≈▒ ▒≈≈≈≈≈≈▒
≈≈≈≈≈≈▒ ▒≈≈≈≈≈≈▒
≈≈≈≈≈≈▒ ▒≈≈≈≈≈≈▒
≈≈≈≈≈≈▒ ▒≈r@r≈≈▒
≈≈≈≈≈≈▒ ▒≈rrr≈≈▒
≈≈≈≈≈≈▒ ▒≈(≈≈(≈▒
≈≈≈%≈≈▒ ▒≈≈≈≈≈≈▒
∙∙∙∙∙∙▒ ▒∙∙∙∙∙∙▒
∙∙∩∩∙∙▒ ▒▒∙∙∙∙∙∙
∙∙∙∙∙∙▒ ▒∙∙∙∙∙∙∙
▒∙∙∙∙▒▒ ▒▒∙∙∙∙∙∙∙
▒▒▒▒▒▒


You could see 2 river rats and 3 rats.

Vanquished Creatures
  The ghost of max the Skirmisher, an average MiFi (Sewer)
  2 river rats (Sewer)
  4 adders
  An ooze (D:1)
  2 giant geckos
  An orc (D:3)
  2 ball pythons (Sewer)
  3 giant cockroaches
  3 hobgoblins (D:1)
  2 bats
  A giant newt (D:1)
  4 goblins
  3 kobolds
  14 rats
43 creatures vanquished.

Notes
Turn   | Place    | Note
--------------------------------------------------------------
     0 | D:1      | Illiel the High Elf Hunter began the quest for the Orb.
     0 | D:1      | Reached XP level 1. HP: 14/14 MP: 2/2
   194 | D:1      | Reached XP level 2. HP: 19/19 MP: 3/3
   521 | D:1      | You fall through a shaft!
   605 | D:3      | Reached XP level 3. HP: 25/25 MP: 4/4
   765 | D:3      | Noticed a phantom
   939 | D:3      | Reached skill level 1 in Long Blades
   939 | D:3      | Reached skill level 6 in Bows
   952 | D:3      | Found a glowing drain.
   965 | Sewer    | Entered a sewer
   992 | Sewer    | Reached XP level 4. HP: 30/30 MP: 5/5
   996 | Sewer    | Noticed max's ghost (average MiFi)
  1024 | Sewer    | Killed max's ghost
  1024 | Sewer    | Reached XP level 5. HP: 14/36 MP: 6/6
  1450 | Sewer    | HP: 1/36 [river rat (9)]
  1450 | Sewer    | Slain by a rat

Vault maps used:
D:1:      zelgadis_glass_arrival_small, minmay_misc_feat_ornament
D:3:      nicolae_gozag_zags_fifth_avenue, first_bread, portal_sewer_entry_d,
          uniq_crazy_yiuf_cottage
Sewer:    sewer_minmay_w

Action                   |  1- 3 |  4- 6 || total
-------------------------+-------+-------++-------
Melee: Falchion          |    14 |    43 ||    57
 Fire: Shortbow          |    71 |    16 ||    87
  Use: Scroll            |     9 |       ||     9
       Potion            |     1 |     4 ||     5
  Eat: Chunk             |       |     2 ||     2
